 Dungeon Crawl Stone Soup version 0.30-a0-23-ge60ba3568b (webtiles) character file.

Game seed: 5887557987211778132

60 purpskrrrp the Ruffian (level 3, -5/36 HPs)
             Began as a Troll Monk on Aug 24, 2022.
             Was a Priest of Zin.
             Slain by a gnoll
             ... wielding a +0 spear
              (7 damage)
             ... on level 2 of the Dungeon.
             The game lasted 00:02:49 (1255 turns).

purpskrrrp the Ruffian (Troll Monk)                 Turns: 1255, Time: 00:02:49

Health: -5/36      AC:  4    Str: 27    XL:     3   Next: 82%
Magic:  2/2        EV: 10    Int:  6    God:    Zin [***...]
Gold:   51         SH:  0    Dex: 12    Spells: 2/2 levels left

rFire   . . .      SeeInvis .      - Unarmed
rCold   . . .      Faith    .    (no shield)
rNeg    . . .      Spirit   .    a - +0 robe
rPois   .          Reflect  .    (helmet restricted)
rElec   .          Harm     .    (no cloak)
rCorr   .          Rampage  .    (gloves unavailable)
Will    .....                    (boots unavailable)
Stlth   ++........               g - amulet of magic regeneration
HPRegen 0.92/turn                f - +6 ring of strength
MPRegen 0.48/turn                (no ring)

@: no status effects
A: large, unfitting armour, claws 3, regeneration 1, shaggy fur 1, tough skin 1
a: Renounce Religion, Recite, Vitalisation, Imprison, Donate Gold


You were on level 2 of the Dungeon.
You worshipped Zin.
Zin was most pleased with you.
You visited 1 branch of the dungeon, and saw 2 of its levels.

You collected 56 gold pieces.
You donated 5 gold pieces to Zin.

Inventory:

Missiles
 i - 3 silver javelins (quivered)
Armour
 a - a +0 robe (worn)
Jewellery
 f - a +6 ring of strength (left claw)
 g - an amulet of magic regeneration (around neck)
Scrolls
 c - a scroll of fog {unknown}
 h - a scroll of identify {unknown}
 j - 3 scrolls of noise {unknown}
Potions
 b - 3 potions of ambrosia
 d - 2 potions of might {unknown}
 e - a potion of curing {unknown}


   Skills:
 - Level 2.4 Fighting
 - Level 2.4 Dodging
 - Level 1.0 Stealth
 + Level 4.8 Unarmed Combat


You had 2 spell levels left.
You didn't know any spells.
Your spell library contained the following spells:

 Spells                   Type           Power      Damage    Failure   Level
 Apportation              Tloc           0%         N/A       45%         1
 Necrotise                Necr           0%         1d4       45%         1
 Sandblast                Erth           0%         2d4       45%         1
 Summon Small Mammal      Summ           0%         N/A       45%         1
 Passwall                 Tmut/Erth      0%         N/A       58%         2
 Stone Arrow              Conj/Erth      0%         3d7       83%         3


Dungeon Overview and Level Annotations

Branches:
Dungeon (2/15)

Altars:
Zin


Innate Abilities, Weirdness & Mutations

You are too large for most types of armour.
You have claws for hands.
Your natural rate of healing is unusually fast.
You are covered in fur. (AC +1)
You have tough skin. (AC +1)


Message History

The gnoll is lightly wounded.
The gnoll barely misses you. The gnoll hits you with a +0 halberd.
You barely miss the gnoll.
The gnoll is lightly wounded.
The gnoll hits you from afar with a +0 spear.
The gnoll hits you with a +0 halberd!
* * * LOW HITPOINT WARNING * * *
You are confused.
You feel invigorated. The gnoll barely misses you.
The gnoll closely misses you.
You miss the gnoll.
The gnoll is lightly wounded.
You're too confused to move!
The gnoll barely misses you. The gnoll hits you with a +0 halberd.
The gnoll hits you with a +0 halberd!
* * * LOW HITPOINT WARNING * * *
You're too confused to aim your attacks!
The gnoll hits you from afar with a +0 halberd.
The gnoll barely misses you.
There is an open door here.
You feel less invigorated.
You feel less confused. The gnoll barely misses you.
The gnoll hits you with a +0 spear. The gnoll hits you with a +0 halberd!
There is an open door, spattered with blood here.
You claw the gnoll!
The gnoll is almost dead.
The gnoll hits you with a +0 spear. The gnoll hits you with a +0 halberd!
* * * LOW HITPOINT WARNING * * *
You scratch the gnoll but do no damage.
The gnoll is almost dead.
The gnoll hits you with a +0 spear.
* * * LOW HITPOINT WARNING * * *
The gnoll barely misses you.
You scratch the gnoll.
You kill the gnoll!
The gnoll hits you with a +0 spear.
* * * LOW HITPOINT WARNING * * *
The gnoll hits you from afar with a +0 spear!
You die...

#. .# #. .#. .# ..
#. ....###. ..$ #.
...#... .... ####.
.....######....
#.... .
#.#............
#..[. ...
#.#.........# #....
...#+##.#....†....#
#....
...>..#.#....@....#
#####
#........###'#####
#.#.#..### #.g!.#
####+#....#####..#.#
#................# #
#.........######.#
#...# #.........#
#.. ##...#####
#.........# ###.
#........#
#<....#'### #. .#
#........#


You could see a gnoll.

Vanquished Creatures
  A gnoll (D:2)
  An adder (D:2)
  2 dart slugs (D:1)
  6 ball pythons
  4 bats (D:1)
  4 endoplasms (D:1)
  4 giant cockroaches
  4 goblins
  4 hobgoblins
  A quokka (D:1)
  2 frilled lizards
  A kobold (D:2)
  2 rats
36 creatures vanquished.

Notes
Turn   | Place    | Note
-------+----------+-------------------------------------------
     0 | D:1      | purpskrrrp the Troll Monk began the quest for the Orb.
     0 | D:1      | Reached XP level 1. HP: 22/22 MP: 0/0
   145 | D:1      | Reached XP level 2. HP: 29/29 MP: 1/1
   343 | D:1      | Reached skill level 4 in Unarmed Combat
   458 | D:1      | Found a faded altar of an unknown god.
   515 | D:1      | Prayed at the altar of an unknown god.
   515 | D:1      | Became a worshipper of Zin the Law-Giver
   515 | D:1      | Reached * piety under Zin
   515 | D:1      | Reached ** piety under Zin
   515 | D:1      | Reached *** piety under Zin
   544 | D:1      | Reached XP level 3. HP: 36/36 MP: 2/2
  1254 | D:2      | HP: 1/36 [gnoll/+0 spear (5)]
  1255 | D:2      | Slain by a gnoll

Illustrated notes

Levels and vault maps discovered:
D:1:      minmay_arrival_widening_spiral_wide, layout_basic,
          hellmonk_ecumenical_altar_prayer_group, minmay_misc_feat_x
D:2:      layout_basic

Skill      XL: |  1  2 |
---------------+-------+-----
Unarmed Combat | 4 |  4.8
Fighting       | |  2.4
Dodging        | |  2.4
Stealth        | |  1.0

Action                   || total
-------------------------++-------
Melee: Unarmed           ||    86
       Punch             ||     3
  Use: Potion            ||     1
 Stab: Sleeping          ||     1
Armor: Robe              ||    17
Dodge: Dodged            ||    33

Table legend: (Time is in decaauts)
 A = Elapsed time spent in this place.
 B = Non-inter-level travel time spent in this place.
 C = Inter-level travel time spent in this place.
 D = Time resting spent in this place.
 E = Time spent auto-exploring this place.
 F = Levels seen in this place.
 G = Mean time per level.
                   A        B        C        D        E       F      G
               +--------+--------+--------+--------+--------+-----+--------+
         Total |   1248 |   1242 |      6 |      0 |    983 |   2 |  624.0 |
       Dungeon |   1248 |   1242 |      6 |      0 |    983 |   2 |  624.0 |
               +--------+--------+--------+--------+--------+-----+--------+

Top non-repeatable levels by time:
     D:1: 905 daAuts
     D:2: 343 daAuts
